 Dungeon Crawl Stone Soup version 0.32-a0-468-g38b2580584 (webtiles) character file.

Game seed: 7109357755785668046

40 Zonian the Ruffian (level 3, 0/30 HPs)
             Began as a Ghoul Gladiator on Feb 25, 2024.
             Was an Initiate of Ashenzari.
             Slain by Robin
             ... wielding a +0 spectral club
              (2 damage)
             ... on level 2 of the Dungeon.
             The game lasted 00:02:03 (1148 turns).

Zonian the Ruffian (Ghoul Gladiator)                Turns: 1148, Time: 00:02:03

Health: 0/30       AC:  4    Str: 19    XL:     3   Next: 50%
Magic:  3/3        EV: 12    Int:  7    God:    Ashenzari [......]
Gold:   48         SH:  0    Dex: 10    Spells: 2/2 levels left

rFire   . .          .
                       - Unarmed
rCold   + . .        (no shield)
rNeg    + + +        a - +0 leather armour
rPois   ∞            b - +0 helmet "Fetters of Ashenzari" {Comp, Dev} (curse)
rElec   .            (no cloak)
rCorr   .            (no gloves)
SInv    .            (no boots)
Will    .....        (no amulet)
Stlth   +            (no ring)
HPRegen 0.00/turn    (no ring)
MPRegen 0.08/turn

%: no passive effects
@: inhibited regen
A: claws 1, cold resistance 1, negative energy resistance 3, inhibited
regeneration, torment resistance 2, devour on kill
a: Renounce Religion, Shatter the Chains


You were on level 2 of the Dungeon.
You worshipped Ashenzari.
Ashenzari was noncommittal.
You visited 1 branch of the dungeon, and saw 2 of its levels.

You collected 48 gold pieces.


Innate Abilities, Weirdness & Mutations

You are immune to poison.
You have sharp fingernails.
Your flesh is cold resistant. (rC+)
You are immune to negative energy. (rN+++)
You do not regenerate when monsters are visible.
You are immune to unholy pain and torment.
You thrive by killing the living.


   Skills:
 + Level 2.8 Fighting
 + Level 2.2 Throwing
 + Level 3.1 Dodging
 + Level 3.7 Unarmed Combat


You had 2 spell levels left.
You didn't know any spells.
Your spell library contained the following spells:

 Spells                   Type           Power      Damage    Failure   Level
 Petrify                  Alch/Erth      0%         N/A       99%         4
 Irradiate                Conj/Alch      0%         3d11      100%        5
 Sublimation of Blood     Necr           Unusable   N/A       N/A         2

Inventory:

Missiles
 c - 3 throwing nets (quivered) {=f!fthrowing}
 d - a javelin {throwing}
Armour
 a - a +0 leather armour (worn)
 b - the cursed +0 helmet "Fetters of Ashenzari" (worn) {Comp, Dev}

   It has a curse which improves the following skills: Companions: Summonings
   and Necromancy.
   Devices:   Evocations.
Jewellery
 h - an amulet of faith {!P}
   (You found it on level 1 of the Dungeon)
Scrolls
 g - 2 scrolls of enchant armour {unknown}
 i - a scroll of revelation {unknown}
 j - 2 scrolls of identify {unknown}
 k - 3 scrolls of enchant weapon {unknown}
 m - a scroll of amnesia {unknown}
Potions
 e - a potion of ambrosia {unknown}
 f - 2 potions of mutation {unknown}
 l - a potion of berserk rage {unknown}
 n - a potion of enlightenment {unknown}
 o - a potion of curing {unknown}

Dungeon Overview and Level Annotations

Branches:
Dungeon (2/15) Zot: 10857

Altars:
Ashenzari

Annotations:
D:2 Robin

##### ###
....# ..#
###.# #.#
#...#####
#.#
.........
#!#
....#####
#g# ....#
#@# [...#
#g####
#..##
#..).# #..#
. ####.#
#..####....
#.#
.#.......(.
#.#
#..####....
##># ##.##
. ##..#
#..# #...#


You could see Robin and a goblin (strong).


Message History

The ball python bites you.
The ball python constricts you. 😕 HP[-1]
You take 1 damage, and now have 29/30 hp.
You scratch the ball python. The ball python bites you.
The ball python constricts you. 😕 HP[-2]
You take 2 damage, and now have 27/30 hp.
You scratch the ball python.
You kill the ball python! 😕 HP[+1] Unknown command.
Found a stone staircase leading down. 😎 HP[+2]
Your hp is fully restored (30).
o - a sedimented emerald potion Unknown command.
There is a stone staircase leading down here.
A goblin comes into view. It is wielding a +0 club.
The goblin shouts!
You hear a shout!
A goblin is nearby!
Unknown command.
You claw the goblin!
You kill the goblin!
No target in view!
No target in view!
Things that are here:
a +0 club {mace}; a goblin corpse 2 goblins come into view.
There are monsters nearby!
A hobgoblin comes into view.
The hobgoblin shouts!
The goblin hits you with a +0 dagger. 😕 HP[-1]
You take 1 damage, and now have 29/30 hp.
You barely miss the goblin. The goblin hits you with a +0 dagger.
Robin of the Strong Arm comes into view.
They are wielding a +0 spectral club. 😕 HP[-1]
You take 1 damage, and now have 28/30 hp.
Robin shouts!
You scratch the goblin.
The goblin hits you with a +0 dagger. 😕 HP[-2]
You take 2 damage, and now have 26/30 hp.
You barely miss the goblin. The goblin hits you but does no damage.
You barely miss the goblin. The goblin misses you.
Robin roars a battlecry!
The goblins go into a battle-frenzy!
You scratch the goblin.
You kill the goblin!
You feel better. 😕 HP[+3]
You regained 3 hp, and now have 29/30 hp.
You claw the goblin!
You kill the goblin!
You closely miss the hobgoblin. The hobgoblin hits you. 😕 HP[-4]
You take 4 damage, and now have 25/30 hp.
You scratch the hobgoblin. The hobgoblin hits you.
A goblin comes into view. It is wielding a +0 dagger. 😮 HP[-3]
You take 3 damage, and now have 22/30 hp.
You are too injured to fight recklessly!
You are too injured to fight recklessly!
You are too injured to fight recklessly!
You are too injured to fight recklessly!
You closely miss the hobgoblin. The hobgoblin completely misses you.
You closely miss the hobgoblin.
The hobgoblin hits you but does no damage.
You scratch the hobgoblin but do no damage.
Robin throws the goblin at you! The goblin closely misses you.
The hobgoblin hits you. 😮 HP[-5]
You take 5 damage, and now have 17/30 hp.
You scratch the hobgoblin.
You kill the hobgoblin!
The goblin barely misses you.
You scratch Robin but do no damage. Robin misses you. The goblin misses you.
You scratch Robin. Robin barely misses you. The goblin barely misses you.
You scratch Robin. Your claw misses Robin. You scratch Robin.
The goblin hits you but does no damage. Robin hits you with a +0 spectral club.
* * * LOW HITPOINT WARNING * * *
😨 HP[-3]
You take 3 damage, and now have 14/30 hp.
You barely miss Robin. The goblin barely misses you. Robin closely misses you.
You scratch Robin. The goblin closely misses you.
Robin hits you with a +0 spectral club.
* * * LOW HITPOINT WARNING * * *
😨 HP[-3]
You take 3 damage, and now have 11/30 hp.
You scratch Robin. The goblin hits you with a +0 dagger.
* * * LOW HITPOINT WARNING * * *
Robin misses you. 😱 HP[-4]
You take 4 damage, and now have 7/30 hp.
Unknown command.
You scratch Robin. The goblin hits you with a +0 dagger.
* * * LOW HITPOINT WARNING * * *
Robin hits you with a +0 spectral club.
You die...
Robin lets out a smug laugh.

Skill      XL: |  1  2  3 |
---------------+----------+-----
Throwing       | 2 |  2.2
Dodging        | 3 |  3.1
Fighting       | |  2.8
Unarmed Combat | |  3.7

Action                     || total
---------------------------++-------
  Melee: Unarmed           ||    93
         Punch             ||     1
 Invoke: Curse Item        ||     1
 Armour: Leather armour    ||    45
  Dodge: Dodged            ||    45

Levels and vault maps discovered:
D:1:      dpeg_arrival_connections, layout_rooms,
          dreamdust_ecumenical_altar_sealed_demon, dk_noncrumbling_3,
          minmay_misc_feat_alley
D:2:      layout_loops_cross, serial_shops, nicolae_shop_stone,
          minmay_crystal_room, uniq_robin, uniq_terence

Notes
Turn   | Place    | Note
-------+----------+-------------------------------------------
     0 | D:1      | Zonian the Ghoul Gladiator began the quest for the Orb.
     0 | D:1      | Reached XP level 1. HP: 17/17 MP: 1/1
     0 | D:1      | magus.rc [v1.9.6]
    38 | D:1      | Found a faded altar of an unknown god.
    38 | D:1      | Noticed a quasit
    52 | D:1      | Prayed at the altar of an unknown god.
    52 | D:1      | Became a worshipper of Ashenzari the Shackled
   163 | D:1      | Reached XP level 2. HP: 15/25 MP: 2/2
   341 | D:1      | Reached skill level 2 in Throwing
   347 | D:1      | You pick up a book of Transmutation and begin reading...
   347 | D:1      | You add the spells Petrify and Irradiate to your library.
   890 | D:2      | Reached XP level 3. HP: 30/30 MP: 3/3
   897 | D:2      | Reached skill level 3 in Dodging
  1129 | D:2      | Noticed Robin
  1147 | D:2      | HP: 7/30 [goblin/+0 dagger[Robin] (4)]
  1148 | D:2      | HP: 2/30 [goblin/+0 dagger[Robin] (5)]
  1148 | D:2      | Slain by Robin

Vanquished Creatures
  A ribbon worm (D:2)
  3 dart slugs
  5 endoplasms
  5 goblins
  3 hobgoblins
  4 ball pythons
  5 bats
  2 frilled lizards (D:1)
  A kobold (D:1)
  2 rats (D:1)
31 creatures vanquished.

Table legend:
 A = Non-vault XP
 B = Vault XP
 C = Vault XP percentage of total XP
 D = Non-vault monster count
 E = Vault monster count
 F = Vault count percentage of total count
                 A         B        C        D         E       F
            +---------+---------+-------+---------+---------+-------
      Total |      52 |       6 |  10.3 |      28 |       3 |   9.7
            +---------+---------+-------+---------+---------+-------
        D:1 |      29 |       0 |   0.0 |      17 |       0 |   0.0
        D:2 |      23 |       6 |  20.7 |      11 |       3 |  21.4
            +---------+---------+-------+---------+---------+-------

Skill      XL: |  1  2  3 |
---------------+----------+-----
Throwing       | 2 |  2.2
Dodging        | 3 |  3.1
Fighting       | |  2.8
Unarmed Combat | |  3.7

Action                     || total
---------------------------++-------
  Melee: Unarmed           ||    93
         Punch             ||     1
 Invoke: Curse Item        ||     1
 Armour: Leather armour    ||    45
  Dodge: Dodged            ||    45

Illustrated notes

Table legend:
 A = Kills in this place as a percentage of kills in the entire game.
 B = Kills by you in this place as a percentage of kills by you in the entire game.
 C = Kills by friends in this place as a percentage of kills by friends in the entire game.
 D = Other kills in this place as a percentage of other kills in the entire game.
 E = Experience gained in this place as a percentage of experience gained in the entire game.
 F = Experience gained in this place divided by the number of levels of this place that you have seen.
                   A       B       C       D       E      F
               +-------+-------+-------+-------+-------+----------------------
         Total | 100.0 | 100.0 |   N/A |   N/A | 100.0 |  29.0
       Dungeon | 100.0 | 100.0 |   N/A |   N/A | 100.0 |  29.0
               +-------+-------+-------+-------+-------+----------------------

Table legend: (Time is in decaauts)
 A = Elapsed time spent in this place.
 B = Non-inter-level travel time spent in this place.
 C = Inter-level travel time spent in this place.
 D = Time resting spent in this place.
 E = Time spent auto-exploring this place.
 F = Levels seen in this place.
 G = Mean time per level.
                   A        B        C        D        E       F      G
               +--------+--------+--------+--------+--------+-----+--------+
         Total |   1141 |   1112 |     29 |    139 |    784 |   2 |  570.5 |
       Dungeon |   1141 |   1112 |     29 |    139 |    784 |   2 |  570.5 |
               +--------+--------+--------+--------+--------+-----+--------+

Top non-repeatable levels by time:
     D:1: 837 daAuts
     D:2: 303 daAuts
